 Dungeon Crawl Stone Soup version 0.26.0-3-g156281e41b (webtiles) character file.

Game seed: 6221610763626874150

415404 dolemite99 the Severer (level 22, -2/206 HPs)
             Began as a Minotaur Fighter on Jan 9, 2021.
             Was the Champion of Ashenzari.
             Slain by a caustic shrike (10 damage)
             ... on level 3 of the Depths on Jan 10, 2021.
             The game lasted 01:44:21 (75721 turns).

dolemite99 the Severer (Minotaur Fighter)          Turns: 75721, Time: 01:44:22

Health: -2/206     AC: 18    Str: 27    XL:     22   Next: 55%
Magic:  19/19      EV: 13    Int:  8    God:    Ashenzari [******]
Gold:   2104       SH:  0    Dex: 14    Spells: 18/31 levels left

rFire    + + +     SeeInvis +   a - +5 battleaxe (freeze)
rCold    + + +     Faith    .   (shield currently unavailable)
rNeg     . . .     Spirit   .   E - +0 gold dragon scales (curse)
rPois    +         Reflect  .   X - +2 hat {Int+3} (curse)
rElec    +         Harm     .   i - +2 cloak (curse)
rCorr    +         Rampage  .   N - +2 pair of gloves {archery} (curse)
Will     ++...     Clarity  +   z - +2 pair of boots (curse)
Stlth    ..........             V - amulet of the acrobat
HPRegen  0.44/turn              c - ring of Vuva {+Fly rF+ Will+ MP-9, =R}
MPRegen  0.16/turn              R - ring of protection from cold

@: about to teleport, resistant, corroded, hasted, very quick
A: retaliatory headbutt, horns 2
}: 2/15 runes: decaying, gossamer
a: Renounce Religion, Evoke Flight, Curse Item, Scrying, Transfer Knowledge


You were on level 3 of the Depths.
You worshipped Ashenzari.
Ashenzari was exalted by your worship.
You visited 9 branches of the dungeon, and saw 42 of its levels.
You also visited: Bailey.

You collected 5454 gold pieces.
You spent 3350 gold pieces at shops.

Inventory:

Hand Weapons
 a - a +5 battleaxe of freezing (weapon)
 b - a +6 longbow of flaming
 I - the +4 broad axe of the Old World {vorpal, rElec Dex+4}
   (You found it on level 4 of the Lair of Beasts)

   It inflicts extra damage upon your enemies.
   It affects your dexterity (+4).
   It insulates you from electricity.
Missiles
 y - 890 arrows
Armour
 e - a scarf of resistance
 i - a cursed +2 cloak (worn)
 z - a cursed +2 pair of boots (worn)
 E - cursed +0 gold dragon scales (worn)
 N - a cursed +2 pair of gloves of archery (worn)
 X - a cursed +2 hat of intelligence (worn)
Jewellery
 c - the ring of Vuva (left hand) {+Fly rF+ Will+ MP-9, =R}
   (You found it on level 2 of the Orcish Mines)

   [ring of flight]

   It protects you from fire.
   It affects your willpower, your defense against some magical effects.
   It affects your magic capacity (-9).
   It lets you fly.
 d - a +4 ring of evasion
 k - an uncursed ring of willpower
 C - an uncursed ring of positive energy
 J - an uncursed amulet of regeneration
 R - a ring of protection from cold (right hand)
 V - an amulet of the acrobat (around neck)
Wands
 l - a wand of enslavement (8)
 q - a wand of paralysis (26)
 u - a wand of disintegration (11)
 K - a wand of polymorph (11)
 U - a wand of iceblast (44)
 W - a wand of digging (2)
 Z - a wand of random effects (42)
Scrolls
 g - 19 scrolls of identify {@r1}
 j - 20 scrolls of teleportation
 n - 3 scrolls of fog
 o - 5 scrolls of magic mapping
 p - a scroll of silence
 w - a scroll of holy word
 x - 12 scrolls of remove curse {@r2}
 O - 4 scrolls of fear
 P - a scroll of summoning
 S - 2 scrolls of blinking
Potions
 f - 4 potions of attraction
 h - 4 potions of brilliance
 r - 11 potions of curing
 s - 4 potions of might
 t - 15 potions of ambrosia
 v - 4 potions of berserk rage
 A - 2 potions of magic
 D - 3 potions of haste
 G - 2 potions of cancellation
 H - 4 potions of flight
 Q - 2 potions of lignification
Miscellaneous
 m - a condenser vane (inert)
 B - a phial of floods (inert)
 L - a phantom mirror (inert)
 M - a tin of tremorstones (2/2)
 Y - a box of beasts (inert)


   Skills:
 - Level 19.5 Fighting
 - Level 19.9 Axes
 - Level 17.6 Bows
 - Level 17.0(22.0) Armour
 - Level 12.7 Dodging
 - Level 5.3 Spellcasting
 + Level 9.6 Necromancy
 - Level 12.9 Translocations
 - Level 11.7 Evocations


You had 18 spell levels left.
You knew the following spells:

 Your Spells              Type           Power        Failure   Level
a - Apportation           Tloc           44%          1%          1
b - Animate Skeleton      Necr           34%          4%          1
c - Wereblood             Tmut           2%           99%         2
d - Blink                 Tloc           N/A          1%          2
e - Passage of Golubria   Tloc           N/A          13%         4
f - Lesser Beckoning      Tloc           11%          3%          3

Your spell library contained the following spells:

 Spells                   Type           Power        Failure   Level
 Gell's Gravitas          Tloc           11%          3%          3
 Teleport Other           Tloc           22%          3%          3
 Excruciating Wounds      Necr           8%           80%         5
 Iskenderun's Mystic Bla  Conj/Tloc      12%          88%         4
 Beastly Appendage        Tmut           4%           95%         1
 Corona                   Hex            2%           95%         1
 Foxfire                  Conj/Fire      8%           95%         1
 Freeze                   Ice            8%           95%         1
 Magic Dart               Conj           8%           95%         1
 Sting                    Tmut/Pois      8%           95%         1
 Summon Small Mammal      Summ           8%           95%         1
 Ensorcelled Hibernation  Hex/Ice        4%           99%         2
 Poisonous Vapours        Pois/Air       4%           99%         2
 Searing Ray              Conj           4%           99%         2
 Summon Forest            Summ/Tloc      6%           99%         5
 Confusing Touch          Hex            2%           100%        3
 Conjure Flame            Conj/Fire      2%           100%        3
 Dazzling Flash           Conj/Hex       4%           100%        3
 Frozen Ramparts          Ice            4%           100%        3
 Ignite Poison            Fire/Tmut/Pois 2%           100%        3
 Inner Flame              Hex/Fire       2%           100%        3
 Mephitic Cloud           Conj/Pois/Air  2%           100%        3
 Ozocubu's Armour         Ice            2%           100%        3
 Spider Form              Tmut/Pois      1%           100%        3
 Static Discharge         Conj/Air       2%           100%        3
 Tukima's Dance           Hex            2%           100%        3
 Fulminant Prism          Conj/Hex       1%           100%        4
 Hailstorm                Conj/Ice       2%           100%        4
 Ice Form                 Ice/Tmut       2%           100%        4
 Leda's Liquefaction      Hex/Erth       1%           100%        4
 Olgreb's Toxic Radiance  Pois           2%           100%        4
 Petrify                  Tmut/Erth      2%           100%        4
 Sticky Flame             Conj/Fire      2%           100%        4
 Summon Ice Beast         Ice/Summ       2%           100%        4
 Blade Hands              Tmut           1%           100%        5
 Bolt of Magma            Conj/Fire/Erth 1%           100%        5
 Fireball                 Conj/Fire      1%           100%        5
 Iskenderun's Battlesphe  Conj           2%           100%        5
 Lightning Bolt           Conj/Air       1%           100%        5
 Summon Demon             Summ           1%           100%        5
 Summon Mana Viper        Hex/Summ       2%           100%        5
 Conjure Ball Lightning   Conj/Air       1%           100%        6
 Iron Shot                Conj/Erth      1%           100%        6
 Shadow Creatures         Summ           N/A          100%        6
 Statue Form              Tmut/Erth      1%           100%        6
 Malign Gateway           Summ/Tloc      6%           100%        7
 Monstrous Menagerie      Summ           1%           100%        7
 Summon Greater Demon     Summ           1%           100%        7
 Summon Hydra             Summ           1%           100%        7
 Ignition                 Fire           1%           100%        8
 Summon Horrible Things   Summ           1%           100%        8
 Shatter                  Erth           1%           100%        9
 Tornado                  Air            1%           100%        9


Dungeon Overview and Level Annotations

Branches:
Dungeon (15/15)            Temple (1/1) D:5            Lair (6/6) D:8
  Swamp (4/4) Lair:3       Spider (4/4) Lair:3        Slime (0/5) Lair:6
    Orc (2/2) D:11            Elf (2/3) Orc:2        Vaults (4/5) D:14
  Crypt (0/3) Vaults:2     Depths (4/5) D:15         Bailey (visited)

Altars:
Ashenzari
Cheibriados
Dithmenos
Elyvilon
Fedhas
Gozag
Hepliaklqana
Kikubaaqudgha
Makhleb
Nemelex Xobeh
Okawaru
Qazlal
Ru
Sif Muna
Trog
Uskayaw
Vehumet
Wu Jian
Xom
Yredelemnul
Zin
The Shining One
Beogh
Jiyva

Shops:
D:5 :   D:6 }   D:15 *   Orc:2 [!(:   Vaults:4 ?

Portals:
Hell: Depths:1 Depths:2 Depths:3
Pandemonium: Depths:2 Depths:3
Trove: Vaults:4 (give 7 scrolls of fog)

Annotations:
D:7 2 transporters
D:8 2 transporters, jackrogers's ghost, novice MiBe
D:13 6 runed translucent doors, exclusion: 2 doors
Lair:5 2 transporters, Darubir's ghost, journeyman CeAM
Lair:6 exclusion: 3 oklob plants
Spider:2 Roxanne
Elf:2 3 runed translucent doors
Vaults:2 3 runed translucent doors, Muvus's ghost, adept DsFi
Depths:1 exclusion: downstairs


Innate Abilities, Weirdness & Mutations

You reflexively headbutt those who attack you in melee.
You have a pair of horns on your head.


Message History

You are splashed with acid.
You resist.
* * * LOW HITPOINT WARNING * * *
The caustic shrike claws you!
* * * LOW HITPOINT WARNING * * *
You are splashed with acid.
You resist.
* * * LOW HITPOINT WARNING * * *
The caustic shrike claws you!!
* * * LOW HITPOINT WARNING * * *
You are splashed with acid.
You resist.
* * * LOW HITPOINT WARNING * * *
You hit the caustic shrike but do no damage.
The caustic shrike is lightly wounded.
You completely miss the caustic shrike.
The caustic shrike claws you but does no damage.
You feel better. The caustic shrike claws you.
* * * LOW HITPOINT WARNING * * *
You are splashed with acid.
You resist.
* * * LOW HITPOINT WARNING * * *
The caustic shrike claws you!
You die...

#################################
##.#.##.#..#..##@b.##.#.##..#..##
....#...#...##.##b####.#..##.#†#.
###...##.#..##...## #####.##.#.#
#################################
.................................
........(........................
....)............................
....#############################
....#...........[................


You could see 2 caustic shrikes.

Vanquished Creatures
  An ancient lich (Depths:3)
  A juggernaut (Depths:1)
  the Lernaean hydra (Swamp:4)
  Bai Suzhen (Depths:1)
  Xtahua (Depths:3)
  2 golden dragons (Depths:3)
  2 liches
  Jorgrun (Spider:2)
  2 tentacled monstrosities (Depths:3)
  Asterion (Spider:3)
  2 titans (Depths:3)
  A sphinx (shapeshifter) (Depths:3)
  2 sphinxes
  Frances (Swamp:2)
  Kirke (Swamp:1)
  Gastronok (Lair:1)
  A storm dragon (Depths:3)
  2 tengu reavers (Depths:3)
  Agnes (Elf:2)
  6 vault wardens
  2 fenstrider witches
  2 fire giants
  Aizul (Lair:3)
  An orc warlord (Depths:3)
  The ghost of sizableburger the Cruncher, a journeyman OgIE of Kikubaaqudgha (Orc:2)
  7 ghost moths
  6 frost giants
  A caustic shrike zombie (D:15)
  4 emperor scorpions
  A ghoul (Vaults:3)
  4 very ugly things
  A spriggan defender (Depths:3)
  14 stone giants
  9 ironheart preservers
  A war gargoyle (Vaults:3)
  5 deep elf annihilators
  A vampire knight (Depths:3)
  3 spark wasps
  2 bunyips
  2 deep elf demonologists
  4 ettins
  7 eleionomae
  Snorg (D:14)
  2 deep elf death magi
  11 fire dragons
  A fire dragon (shapeshifter) (Vaults:4)
  Josephine (Spider:1)
  A crystal guardian (Vaults:2)
  6 great orbs of eyes
  6 yaktaur captains
  A deep elf high priest (Depths:3)
  34 hydras
  Erolcha (D:11)
  Harold (D:9)
  An ice dragon (shapeshifter) (Vaults:2)
  A vault guard (Vaults:3)
  A spriggan air mage (Depths:2)
  5 boulder beetles
  2 rakshasas
  An anaconda (shapeshifter) (Vaults:4)
  13 ice dragons
  4 ghost crabs
  7 centaur warriors
  An anaconda (Lair:6)
  27 two-headed ogres
  3 death knights
  7 dancing weapons
  8 ogre magi
  12 alligators
  9 death yaks
  3 deep troll earth magi
  7 tengu warriors
  3 vampire magi
  4 deep troll shamans
  2 spriggan berserkers
  A storm dragon zombie (D:15)
  3 orc high priests
  6 spriggans
  5 hell knights (Depths:2)
  A shadow wraith (Vaults:3)
  A fire crab (Lair:6)
  14 deep elf knights
  Sonja (Lair:1)
  12 skeletal warriors
  5 goliath frogs
  6 deep trolls
  2 unseen horrors (D:15)
  3 glowing orange brains
  2 iron trolls (Depths:1)
  7 wizards
  A spriggan druid (Swamp:4)
  18 deep elf archers
  3 flayed ghosts
  11 ironbrand convokers
  12 swamp dragons
  A phantasmal warrior (Vaults:4)
  Pikel (D:5)
  15 bog bodies
  7 harpies (Vaults:2)
  19 orb spiders
  A wolf spider zombie (D:15)
  4 orc sorcerers
  7 orc knights
  31 ugly things
  4 necromancers
  58 deep elf magi
  An oklob plant (Lair:6)
  A stone giant zombie (D:15)
  44 wolf spiders
  20 elephants
  3 moths of wrath
  5 cyclopes
  A stone giant skeleton (Vaults:2)
  3 will-o-the-wisps
  8 black mambas
  A black mamba (shapeshifter) (D:14)
  An ice statue (Swamp:1)
  A centaur zombie (D:13)
  8 vault sentinels
  2 torpor snails (Spider:2)
  17 cane toads
  A cane toad (shapeshifter) (Vaults:2)
  Maggie (Lair:1)
  2 centaur skeletons
  5 freezing wraiths
  10 komodo dragons
  A komodo dragon (shapeshifter) (Depths:3)
  5 rime drakes
  5 tengu conjurers
  26 demonic crawlers
  55 yaktaurs
  An efreet (D:14)
  A queen bee (Depths:3)
  A bloated husk (Swamp:1)
  39 jumping spiders
  9 polar bears (Lair:6)
  14 hornets
  A harpy skeleton (D:15)
  8 tyrant leeches
  A hornet (shapeshifter) (D:13)
  27 blink frogs
  9 trolls
  16 slime creatures
  A raiju (Lair:6)
  12 dream sheep
  Prince Ribbit (D:7)
  A fire giant simulacrum (Vaults:3)
  A spriggan skeleton (D:15)
  A centaur simulacrum (D:15)
  76 redbacks
  11 water elementals
  A fire elemental (Elf:1)
  2 shadows (D:15)
  34 tarantellas
  A wyvern (D:13)
  2 hogs (Swamp:1)
  7 wraiths
  Grum (D:9)
  A human (Swamp:2)
  A basilisk (shapeshifter) (Vaults:2)
  49 yaks
  A golden eye (shapeshifter) (Depths:3)
  8 basilisks
  10 wargs
  16 vampire mosquitoes
  Menkaure (D:7)
  5 acid dragons
  A soldier ant (D:13)
  14 water moccasins
  23 swamp worms
  Duvessa (D:7)
  16 hell hounds (Lair:6)
  43 orc warriors
  20 black bears
  2 eyes of draining (D:12)
  8 swamp drakes
  A sky beast (shapeshifter) (Vaults:4)
  4 ice beasts
  3 phantoms
  2 sky beasts
  An ettin simulacrum (Vaults:2)
  30 ogres
  28 wolves
  4 boggarts
  24 centaurs
  21 bullfrogs
  Blork the orc (D:4)
  2 earth elementals (Elf:2)
  Dowan (D:7)
  A wyvern skeleton (D:12)
  3 scorpions
  2 human simulacra
  21 killer bees
  13 wights
  4 howler monkeys
  7 electric eels
  5 hounds
  A quasit (D:12)
  2 bullfrog skeletons
  A bullfrog zombie (D:7)
  25 orc priests
  2 jellies (D:7)
  Crazy Yiuf (D:2)
  26 orc wizards
  4 iguanas
  8 worker ants
  9 hell rats
  A hound zombie (D:5)
  A hound skeleton (D:7)
  3 worker ant zombies
  12 gnolls
  13 adders
  3 shadow imps
  3 white imps
  An ooze (D:6)
  2 adder skeletons
  4 worms
  2 dart slugs
  7 leopard geckos
  109 orcs
  7 bats
  6 giant cockroaches
  11 goblins
  7 hobgoblins
  13 jackals
  12 kobolds
  5 quokkas
  2 ball pythons
  4 frilled lizards
  A quokka skeleton (D:5)
  7 rats
  A bush (Lair:5)
1779 creatures vanquished.

Vanquished Creatures (collateral kills)
  A caustic shrike (Depths:3)
  A frost giant (Vaults:4)
  A stone giant (Vaults:4)
  A death knight (Vaults:3)
  An ironbrand convoker (Vaults:4)
  A vault sentinel (Vaults:4)
  A hornet (Depths:4)
  An orc wizard (D:8)
  A worker ant zombie (D:7)
  An orc (D:8)
10 creatures vanquished.

Vanquished Creatures (others)
  A hydra (Swamp:4)
  2 alligators (Swamp:4)
  An ogre mage (Vaults:3)
  A demonic crawler (Spider:2)
  2 bloated husks (Swamp:1)
  2 humans (Swamp:2)
  4 vampire mosquitoes (Swamp:1)
  A swamp worm (Swamp:4)
  An orc warrior (Orc:2)
  2 boggarts (Depths:3)
  A bush (Lair:4)
  6 foxfires
  92 fungi
  126 plants
  16 withered plants (D:15)
258 creatures vanquished.

Grand Total: 2047 creatures vanquished

Notes
Turn   | Place    | Note
-------+----------+-------------------------------------------
     0 | D:1      | dolemite99 the Minotaur Fighter began the quest for the
                  | Orb.
     0 | D:1      | Reached XP level 1. HP: 19/19 MP: 0/0
   232 | D:1      | Reached XP level 2. HP: 22/27 MP: 1/1
   360 | D:1      | Found a broken altar of Ashenzari.
   526 | D:1      | Became a worshipper of Ashenzari the Shackled
  1221 | D:2      | Reached XP level 3. HP: 28/33 MP: 2/2
  1442 | D:2      | Reached * piety under Ashenzari
  1849 | D:2      | Found a runed translucent door.
  1850 | D:2      | Noticed Crazy Yiuf
  1961 | D:2      | Reached XP level 4. HP: 40/40 MP: 3/3
  2079 | D:2      | Found a sparkling altar of Nemelex Xobeh.
  2254 | D:2      | Found a hazy altar of Hepliaklqana.
  2257 | D:2      | Found a basalt altar of Yredelemnul.
  2262 | D:2      | Found an ornate altar of the Wu Jian Council.
  2366 | D:2      | Killed Crazy Yiuf
  2682 | D:3      | Found a burning altar of Makhleb.
  2702 | D:3      | Reached XP level 5. HP: 31/47 MP: 4/4
  3217 | D:3      | Reached skill level 5 in Axes
  3485 | D:3      | Reached XP level 6. HP: 44/53 MP: 5/5
  3566 | D:3      | Found a white marble altar of Elyvilon.
  3566 | D:3      | Found a hide-covered altar of Uskayaw.
  3570 | D:3      | Found a sacrificial altar of Ru.
  4305 | D:4      | Noticed Blork the orc
  5017 | D:4      | Reached XP level 7. HP: 52/60 MP: 6/6
  5385 | D:4      | Killed Blork the orc
  5861 | D:5      | Entered Level 5 of the Dungeon
  6171 | D:5      | Found a staircase to the Ecumenical Temple.
  6185 | Temple   | Entered the Ecumenical Temple
  6434 | D:5      | Found an opulent altar of Gozag.
  6772 | D:5      | Noticed Pikel
  6781 | D:5      | Killed Pikel
  6782 | D:5      | Reached skill level 10 in Axes
  6782 | D:5      | Reached XP level 8. HP: 54/67 MP: 7/7
  6927 | D:5      | Found Lenar's Book Shop.
  7069 | D:6      | Found a glowing silver altar of Zin.
  7258 | D:6      | Got the war axe "Winooto" {vorpal, rElec rPois Int-4
                  | Stlth+}
  8036 | D:6      | Found Pyekh's Gadget Shop.
  8107 | D:6      | Reached ** piety under Ashenzari
  8460 | D:7      | Noticed Menkaure
  8466 | D:7      | Killed Menkaure
  8820 | D:7      | Reached XP level 9. HP: 72/72 MP: 8/8
  9090 | D:7      | Found an iron altar of Okawaru.
  9274 | D:7      | Noticed Duvessa
  9274 | D:7      | Noticed Dowan
  9292 | D:7      | Killed Duvessa
  9293 | D:7      | Reached skill level 5 in Fighting
  9304 | D:7      | Killed Dowan
  9448 | D:7      | Noticed Prince Ribbit
  9470 | D:7      | Killed Prince Ribbit
  9838 | D:7      | Found a transporter.
  9843 | D:7      | Found a roughly hewn altar of Beogh.
  9843 | D:7      | Found a transporter.
  9843 | D:7      | Noticed a two-headed ogre
 10198 | D:8      | Found a staircase to the Lair.
 10230 | D:8      | Noticed a komodo dragon
 10253 | D:8      | Killed a komodo dragon
 10254 | D:8      | Reached skill level 10 in Fighting
 10608 | D:8      | Reached skill level 5 in Armour
 10612 | D:8      | Reached XP level 10. HP: 93/93 MP: 9/9
 10870 | D:8      | Found a transporter.
 10874 | D:8      | Found a transporter.
 10879 | D:8      | Noticed jackrogers's ghost (novice MiBe)
 11209 | D:9      | Found a bloodstained altar of Trog.
 11220 | D:9      | Found a shimmering altar of Xom.
 11273 | D:9      | Reached *** piety under Ashenzari
 11684 | D:9      | Noticed Grum
 11687 | D:9      | Noticed Harold
 11728 | D:9      | Killed Harold
 11834 | D:9      | Killed Grum
 12663 | D:10     | Entered Level 10 of the Dungeon
 12739 | D:10     | Reached skill level 15 in Axes
 12743 | D:10     | Reached XP level 11. HP: 99/99 MP: 10/10
 12864 | D:10     | Reached **** piety under Ashenzari
 13920 | D:11     | Found a staircase to the Orcish Mines.
 13951 | D:11     | Noticed a two-headed ogre
 13952 | D:11     | Noticed Erolcha
 14143 | Lair:1   | Entered Level 1 of the Lair of Beasts
 14171 | Lair:1   | Noticed Gastronok
 14190 | Lair:1   | Killed Gastronok
 14302 | Lair:1   | Noticed Sonja
 14308 | Lair:1   | Killed Sonja
 14494 | Lair:1   | Reached skill level 5 in Evocations
 14908 | Lair:1   | Reached ***** piety under Ashenzari
 14909 | Lair:1   | Noticed Maggie
 14921 | Lair:1   | Killed Maggie
 15686 | Lair:2   | Reached skill level 1 in Slings
 15895 | Lair:2   | Noticed a six-headed hydra
 15898 | Lair:2   | Reached XP level 12. HP: 85/106 MP: 11/11
 15902 | Lair:2   | Killed a six-headed hydra
 16115 | Lair:2   | Reached skill level 5 in Slings
 16908 | Lair:3   | Reached skill level 5 in Shields
 17279 | Lair:3   | Found a hole to the Spider Nest.
 17593 | Lair:3   | Found a staircase to the Swamp.
 18745 | Lair:4   | Noticed an eight-headed hydra
 18756 | Lair:4   | Killed an eight-headed hydra
 18963 | Lair:4   | Noticed a five-headed hydra
 18971 | Lair:4   | Killed a five-headed hydra
 18975 | Lair:4   | Reached XP level 13. HP: 116/122 MP: 12/12
 19406 | Lair:4   | Reached ****** piety under Ashenzari
 19463 | Lair:4   | Got the broad axe of the Old World {vorpal, rElec Dex+4}
 19465 | Lair:4   | Identified the +4 broad axe of the Old World {vorpal, rElec
                  | Dex+4} (You found it on level 4 of the Lair of Beasts)
 20210 | Lair:5   | Reached skill level 5 in Dodging
 20364 | Lair:5   | Reached skill level 10 in Dodging
 20493 | Lair:5   | Noticed Darubir's ghost (journeyman CeAM)
 20571 | Lair:5   | Noticed Nessos
 20586 | Lair:6   | Entered Level 6 of the Lair of Beasts
 21034 | Lair:5   | Noticed Nessos
 21034 | Lair:5   | Nessos changed into Nessos the cane toad
 21051 | Lair:6   | Killed Nessos the cane toad
 21383 | Lair:5   | Found a transporter.
 21387 | Lair:5   | Found a transporter.
 21397 | Lair:5   | Reached skill level 1 in Bows
 21589 | Lair:5   | Identified the cursed +3 demon trident of Infinity
                  | {antimagic, rF++}
 21595 | Lair:5   | Found a bloodstained altar of Trog.
 21608 | Lair:5   | Identified the +7 spear of Pain and Death {flame, rPois rF+
                  | Dex-5 Stlth+}
 21961 | Lair:5   | Reached skill level 5 in Bows
 22000 | Lair:6   | Found a staircase to the Slime Pits.
 22000 | Lair:6   | Found a viscous altar of Jiyva.
 22058 | Lair:6   | Reduced skill Shields to level 5
 22058 | Lair:6   | Reached XP level 14. HP: 111/129 MP: 13/13
 22129 | Lair:6   | Reached skill level 10 in Bows
 25174 | D:11     | Killed Erolcha
 25401 | D:11     | Identified a +0 pair of boots of running
 26343 | Orc:1    | Entered Level 1 of the Orcish Mines
 26417 | Orc:1    | Found a flagged portal.
 26508 | Orc:1    | Reached XP level 15. HP: 136/136 MP: 14/14
 26515 | Bailey   | Entered a bailey
 26697 | Bailey   | Found an iron altar of Okawaru.
 27155 | Orc:2    | Entered Level 2 of the Orcish Mines
 28569 | Orc:2    | Found a staircase to the Elven Halls.
 29289 | Orc:2    | Found a runed translucent door.
 29351 | Orc:2    | Noticed sizableburger's ghost (journeyman OgIE)
 29352 | Orc:2    | Identified the ring of Vuva {+Fly rF+ Will+ MP-9}
 29470 | Orc:2    | Found Xanops's Distillery.
 29470 | Orc:2    | Found Nueparuz's Weapon Shoppe.
 29472 | Orc:2    | Found Ahyw's Book Emporium.
 29474 | Orc:2    | Found Gaed's Antique Armour Boutique.
 29486 | Orc:2    | Bought a pair of runed gloves for 285 gold pieces
 29486 | Orc:2    | Bought a glowing cloak for 285 gold pieces
 29629 | Orc:2    | Killed sizableburger's ghost
 29850 | D:13     | Identified Sif Muna's Papyrus of Earth and Arcane Weapons
 30303 | D:13     | Paralysed by a hornet for 1 turns
 30536 | D:13     | Found a runed translucent gate.
 30536 | D:13     | Found a runed translucent gate.
 30536 | D:13     | Found a runed translucent gate.
 30571 | D:13     | Noticed a storm dragon
 30572 | D:13     | Identified the ring of Xufahioh {Str+2 SInv Stlth-}
 30884 | D:13     | Identified the cursed +1 halberd "Aplazxe" {drain, *Noise
                  | rElec rN++ Str+3}
 30886 | D:13     | Found a runed translucent gate.
 30886 | D:13     | Found a runed translucent gate.
 30886 | D:13     | Found a runed translucent gate.
 32128 | D:14     | Noticed Snorg
 32130 | D:14     | Killed Snorg
 32440 | D:14     | Found a gate to the Vaults.
 32491 | D:15     | Entered Level 15 of the Dungeon
 32670 | D:15     | Found Tyuteif's Assorted Antiques.
 33043 | D:15     | Bought a potion of haste for 310 gold pieces
 33043 | D:15     | Bought a scroll of teleportation for 93 gold pieces
 33043 | D:15     | Bought a scroll of teleportation for 93 gold pieces
 33043 | D:15     | Bought a shiny plate armour for 806 gold pieces
 33043 | D:15     | Bought a dented jade amulet for 155 gold pieces
 33306 | D:15     | Found a staircase to the Depths.
 33757 | D:15     | Reached XP level 16. HP: 144/144 MP: 15/15
 34229 | Swamp:1  | Entered Level 1 of the Swamp
 34459 | Swamp:1  | Noticed Aizul
 34825 | Spider:1 | Entered Level 1 of the Spider Nest
 34853 | Spider:1 | Reached skill level 15 in Bows
 35196 | Spider:1 | Noticed Josephine
 35205 | Spider:1 | Killed Josephine
 35574 | Spider:1 | Reduced skill Slings to level 1
 36222 | Spider:1 | Reached skill level 10 in Evocations
 37179 | D:6      | Bought a condenser vane for 600 gold pieces
 37341 | Lair:3   | Killed Aizul
 38971 | Swamp:2  | Identified the cursed +0 chain mail "Tanewi" {Regen+}
 38971 | Swamp:2  | Noticed Kirke
 39003 | Swamp:1  | Killed Kirke
 39946 | Spider:2 | Noticed Jorgrun
 39958 | Spider:1 | Reached skill level 10 in Armour
 40361 | Spider:2 | Identified Roxanne's Collected Works on Transmutation
 40361 | Spider:2 | Noticed Roxanne
 41303 | Spider:2 | Killed Jorgrun
 41304 | Spider:2 | Reached XP level 17. HP: 134/154 MP: 16/16
 42027 | Spider:2 | Reached skill level 15 in Fighting
 43006 | Spider:3 | Noticed Asterion
 43016 | Spider:3 | Killed Asterion
 43690 | Swamp:2  | Noticed Frances
 43715 | Swamp:2  | Killed Frances
 45127 | Swamp:3  | Found a blossoming altar of Fedhas.
 45915 | Spider:4 | Entered Level 4 of the Spider Nest
 46455 | Spider:4 | Reached XP level 18. HP: 166/168 MP: 17/17
 48320 | Spider:4 | Got a gossamer rune of Zot
 48732 | Swamp:4  | Entered Level 4 of the Swamp
 49554 | Swamp:4  | Noticed the 27-headed Lernaean hydra
 50438 | Swamp:4  | Reached skill level 15 in Armour
 50959 | Swamp:4  | Killed the 27-headed Lernaean hydra
 51230 | Swamp:4  | Got a decaying rune of Zot
 51994 | Vaults:1 | Entered Level 1 of the Vaults
 53041 | Vaults:1 | Reached XP level 19. HP: 179/179 MP: 9/18
 55006 | Vaults:2 | Learned a level 1 spell: Apportation
 55008 | Vaults:2 | Learned a level 1 spell: Animate Skeleton
 55011 | Vaults:2 | Learned a level 2 spell: Blink
 55014 | Vaults:2 | Learned a level 2 spell: Wereblood
 55063 | Vaults:2 | Reached skill level 1 in Translocations
 55798 | Vaults:2 | Reached skill level 5 in Translocations
 56171 | Vaults:2 | Found a runed translucent gate.
 56172 | Vaults:2 | Noticed Muvus's ghost (adept DsFi)
 56172 | Vaults:2 | Found a runed translucent gate.
 56172 | Vaults:2 | Found a runed translucent gate.
 57013 | Vaults:2 | Found a staircase to the Crypt.
 57267 | Vaults:2 | Identified the +3 war axe of the Reaper {protect, rElec rC-
                  | MP+9}
 57268 | Vaults:2 | Identified the amulet of Duqad {RegenMP Str+4 Stlth-}
 57365 | Vaults:3 | Reached XP level 20. HP: 142/189 MP: 10/19
 63042 | Vaults:4 | Reached skill level 10 in Translocations
 63211 | Vaults:4 | Found a portal to a secret trove of treasure.
 63556 | Vaults:4 | Found Nexkef's Magic Scroll Emporium.
 63564 | Vaults:4 | Bought a scroll of summoning for 218 gold pieces
 63564 | Vaults:4 | Bought a scroll of teleportation for 69 gold pieces
 63564 | Vaults:4 | Bought a scroll of blinking for 172 gold pieces
 63564 | Vaults:4 | Bought a scroll of enchant armour for 172 gold pieces
 63564 | Vaults:4 | Bought a scroll of identify for 46 gold pieces
 63564 | Vaults:4 | Bought a scroll of identify for 46 gold pieces
 64264 | Vaults:4 | Identified the amulet "Nuny" {Inacc Str+7}
 64533 | Elf:1    | Entered Level 1 of the Elven Halls
 65600 | Elf:1    | Identified Vehumet's Handbook of Combat Magic
 67061 | Elf:2    | Reached XP level 21. HP: 196/196 MP: 11/20
 67148 | Elf:2    | Noticed Agnes
 67155 | Elf:2    | Killed Agnes
 67917 | Elf:2    | Found a runed translucent gate.
 67917 | Elf:2    | Found a runed translucent gate.
 67923 | Elf:2    | Found a runed translucent gate.
 68237 | Depths:1 | Entered Level 1 of the Depths
 68301 | Depths:1 | Identified the +1 plate armour of the Abyss {rElec rN+++
                  | Slay-4 SInv}
 68642 | Depths:1 | Noticed Bai Suzhen
 68662 | Depths:1 | Killed Bai Suzhen
 69557 | Depths:1 | Noticed a juggernaut
 69571 | Depths:1 | Killed a juggernaut
 69572 | Depths:1 | Reached skill level 1 in Spellcasting
 70113 | Depths:1 | Found a gateway to Hell.
 70625 | Depths:2 | Reached skill level 5 in Spellcasting
 71698 | Depths:2 | Found a one-way gate leading to the halls of Pandemonium.
 71829 | Depths:2 | Noticed a juggernaut
 72160 | Depths:3 | Learned a level 4 spell: Passage of Golubria
 72164 | Depths:3 | Learned a level 3 spell: Lesser Beckoning
 72219 | Depths:3 | Reached skill level 1 in Necromancy
 73005 | Depths:3 | Reached skill level 5 in Necromancy
 73310 | Depths:3 | Reached XP level 22. HP: 204/206 MP: 19/28
 73411 | Depths:3 | Identified the Grimoire of Lethal Poison
 73492 | Depths:3 | Noticed a golden dragon
 73528 | Depths:3 | Killed a golden dragon
 73531 | Depths:3 | Noticed an ancient lich
 73555 | Depths:3 | Killed an ancient lich
 73858 | Depths:3 | Noticed Xtahua
 75094 | Depths:3 | Noticed a golden dragon
 75101 | Depths:3 | Killed a golden dragon
 75452 | Depths:3 | Killed Xtahua
 75680 | Depths:4 | Noticed a caustic shrike
 75682 | Depths:4 | Paralysed by a hornet for 3 turns
 75683 | Depths:4 | Noticed a caustic shrike
 75684 | Depths:4 | Noticed a caustic shrike
 75686 | Depths:4 | Noticed a caustic shrike
 75693 | Depths:3 | Killed a caustic shrike
 75719 | Depths:3 | HP: 8/206 [caustic shrike (18)]
 75721 | Depths:3 | Slain by a caustic shrike

Illustrated notes

Levels and vault maps discovered:
D:1:      saegor_arrival_under_anarchy, layout_basic, evilmike_ruin_ashenzari
D:2:      layout_loops_ring, nicolae_overflow_hidden_temple, marbit_many_paths,
          grunt_temple_overflow_open, uniq_crazy_yiuf_cottage
D:3:      layout_loops_corners, makhleb_heckhound_becter,
          gammafunk_temple_overflow_forgotten
D:4:      layout_cave_pools, uniq_blork_the_orc
D:5:      layout_basic, old_standard_altar, minmay_temple_entry_hall,
          serial_shops, kennysheep_mini_moat, corner_web_ring,
          minmay_misc_feat_rugged, uniq_pikel
D:6:      layout_loops_ring, overflow_temple_1_default, serial_shops,
          shop_fountains, grunt_ministairs_10
D:7:      gammafunk_beogh_shrine, layout_basic, okawaru_trees_2, uniq_menkaure,
          uniq_duvessa, uniq_prince_ribbit1
D:8:      layout_rooms, due_lair_maze_entry_diamond, gammafunk_ghost_hive
D:9:      layout_stronghold, kennysheep_mini, xom_teletrap_fun, uniq_grum,
          uniq_harold
D:10:     layout_basic
D:11:     layout_loops_ring, orc_0_dummy, chequers_big_river,
          minmay_misc_feat_secret_circle, uniq_erolcha
D:12:     layout_cave_pools
D:13:     kennysheep_treasure_stockpile, layout_rooms
D:14:     layout_grid_maze, david_vaults_1, minivault_4, uniq_snorg
D:15:     gammafunk_depths_entry_grave, layout_loops_ring,
          minmay_misc_feat_five, serial_shops, nicolae_shop_crystal
Temple:   nicolae_temple_figure_zero
Lair:1:   layout_regular_city, uniq_gastronok, uniq_maggie, uniq_sonja
Lair:2:   layout_gridlike
Lair:3:   layout_regular_city, skrybe_swamp_entry_bodies,
          spider_nest_entry_webs, beast_lair_carwin_4
Lair:4:   layout_layer_cave, infiniplex_staircase_pool, grunt_megastairs_3
Lair:5:   layout_gridlike, gammafunk_ghost_wrathful_warriors,
          serial_bayou_ford_a, lemuel_fruit_fields, grunt_megastairs_5,
          uniq_nessos
Lair:6:   hangedman_lair_caniforms_friends, layout_gridlike, slime_altar_1,
          minmay_lair_oklob_chamber
Swamp:1:  layout_falls_marsh, portal_ice_cave_entry_ice_statue_one,
          hangedman_swamp_pad, swamp_pool4, uniq_aizul
Swamp:2:  layout_falls_marsh, evilmike_swamp_ruin_house_6, uniq_kirke,
          uniq_frances
Swamp:3:  layout_basic_swamp, nicolae_swamp_godswood
Swamp:4:  grunt_swamp_rune_castle, layout_basic_swamp
Spider:1: layout_chambers, drop_trap, uniq_josephine
Spider:2: layout_spider_delve, worms_lemuel, uniq_roxanne, uniq_jorgrun
Spider:3: nicolae_spider_mines_3, nicolae_spider_webbed_stairs, uniq_asterion
Spider:4: grunt_spider_rune_parallel
Orc:1:    layout_diamond_mine, enter_bailey_8
Orc:2:    st_orc_rangers, layout_caves, ebering_ghost_reflecting_pool,
          minmay_orc_keep
Elf:1:    eino_elf_arrival_shootout, layout_geoelf_grid,
          minmay_elf_annihilation, roderic_lattice_octagonal_star
Elf:2:    layout_loops_corners, uniq_agnes
Vaults:1: nicolae_vaults_alarming, vaults_dpeg_hooks, ontoclasm_vaults_chip,
          layout_vaults_omnigrid
Vaults:2: biasface_vaults_ghost_orc_armoury, vaults_mumra_bighexcomb,
          vaults_mumra_chevron, v_misc_26, ontoclasm_vaults_idyll,
          nicolae_vaults_network_periphery, nicolae_vaults_network_square,
          v_pattern_1, v_misc_25, v_misc_29, nicolae_vaults_border_crossing,
          nicolae_vaults_rhombus_6, layout_vaults_omnicross
Vaults:3: nicolae_vaults_display_case, hangedman_vaults_stretched_pinwheel,
          nicolae_vaults_stairing_the_circle, grunt_vaults_funnel,
          hangedman_vaults_nails, hangedman_vaults_restitches, v_misc_2,
          hangedman_vaults_restitches, nicolae_vaults_little_squares_5,
          layout_vaults_chaotic_city
Vaults:4: v_misc_2, ontoclasm_vaults_shout, vaults_mumra_chevron_long,
          nicolae_vaults_little_squares_2, nicolae_vaults_specimen_jars,
          nicolae_vaults_diagonal_hallway_9, vaults_dpeg_diagonal,
          ontoclasm_vaults_pinch, vaults_mumra_lcd, layout_vaults_maze_snakey,
          serial_shops, shop_scrolls, enter_trove_2
Depths:1: layout_roguey, pf_hell_entry_tar_spiral, moated_statue,
          corexii_mini_fake_secret_closet, minmay_misc_feat_alley,
          serial_sigils_hangedman_gnaw, dispersion_dpeg, uniq_bai_suzhen
Depths:2: emtedronai_trogs_sanctum, layout_long_grid, hell_entry, pan_entry,
          infiniplex_staircase_pillars_1
Depths:3: box_level_dp, pan_entry, hell_entry, uniq_xtahua
Depths:4: minmay_the_grid_four_pointed_star
          [minmay_the_grid_triangle_9x9_intruding_spiral,
          minmay_the_grid_triangle_9x9_subtriangle,
          minmay_the_grid_triangle_9x9_stretched_checkered,
          minmay_the_grid_triangle_9x9_tough_junction,
          minmay_the_grid_prize_big_room], layout_honeycomb, abandoned_shop,
          abyss_entry_small_statue_room, rand_demon_pan_entry_9, serial_shops,
          shop, hell_entry, kennysheep_generic_room_2, uniq_boris, uniq_margery

Skill      XL: |  1  2  3  4  5  6  7  8  9 10 11 12 13 14 15 16 17 18 19 20 21 22 |
---------------+-------------------------------------------------------------------+-----
Axes           | 3 4 5 7 10 12 13 15 16 19 | 19.9
Armour         | 4 5 8 9 11 14 15 17 | 17.0
Fighting       | 4 10 13 14 16 18 19 | 19.5
Shields        | 4 8 5 0 |  0.0
Evocations     | 7 11 | 11.7
Slings         | 3 5 0 |  0.0
Dodging        | 12 | 12.7
Bows           | 7 14 15 17 | 17.6
Translocations | 7 12 | 12.9
Spellcasting   | 5 |  5.3
Necromancy     | 5 9 |  9.6

Action                   |  1- 3 |  4- 6 |  7- 9 | 10-12 | 13-15 | 16-18 | 19-21 | 22-24 || total
-------------------------+-------+-------+-------+-------+-------+-------+-------+-------++-------
Melee: War axe           |   108 |   150 |   343 |   305 |       |       |       |       ||   906
       Headbutt          |     9 |    12 |    52 |    97 |   117 |    93 |    92 |    30 ||   502
       Broad axe         |       |       |       |   194 |   347 |       |       |       ||   541
       Battleaxe         |       |       |       |       |    44 |   359 |   318 |    78 ||   799
 Fire: Hunting sling     |    13 |    36 |       |   138 |    73 |       |       |       ||   260
       Longbow           |       |       |       |       |   846 |  1028 |  1165 |   223 ||  3262
Throw: Dart              |    11 |    33 |    44 |    90 |    78 |     6 |       |       ||   262
       Throwing net      |       |       |       |       |       |    20 |       |       ||    20
 Cast: Animate Skeleton  |       |       |       |       |       |       |     7 |    14 ||    21
Invok: Curse Item        |       |     2 |     1 |     2 |     1 |     1 |       |     1 ||     8
       Transfer Knowledg |       |       |       |       |     2 |     1 |       |       ||     3
 Abil: Evoke Flight      |       |       |       |       |       |       |       |     3 ||     3
Evoke: Wand              |       |       |     3 |    21 |    37 |    20 |     4 |       ||    85
       Condenser vane    |       |       |       |       |       |     8 |    12 |     2 ||    22
       Tin of tremorston |       |       |       |       |       |     7 |    13 |     2 ||    22
       Phial of floods   |       |       |       |       |       |     5 |     4 |     2 ||    11
       Phantom mirror    |       |       |       |       |       |       |     4 |     2 ||     6
       Box of beasts     |       |       |       |       |       |       |       |     2 ||     2
  Use: Scroll            |     1 |     2 |    10 |     9 |    14 |    19 |    16 |     2 ||    73
       Potion            |       |     3 |     8 |     3 |     2 |    12 |       |    10 ||    38
 Stab: Paralysed         |       |       |     2 |     5 |       |     1 |       |       ||     8
       Distracted        |       |       |       |       |       |       |     2 |     2 ||     4
Armor: Scale mail        |    28 |       |       |       |       |       |       |       ||    28
       Chain mail        |    36 |    89 |   131 |   311 |    13 |       |       |       ||   580
       Skin              |       |     8 |    33 |     1 |       |       |       |       ||    42
       Plate armour      |       |       |       |       |   480 |    23 |   324 |    19 ||   846
       Swamp dragon scal |       |       |       |       |       |   476 |       |       ||   476
       Gold dragon scale |       |       |       |       |       |       |       |    85 ||    85
Dodge: Dodged            |    21 |    31 |    72 |   141 |   572 |  1293 |   405 |    96 ||  2631
Block: Kite shield       |    73 |    80 |   160 |   272 |   169 |       |       |       ||   754
